 Dungeon Crawl Stone Soup version 0.18-a0-1778-gadce9fa (webtiles) character file.

1234 4thArraOfDagon the Grappler (level 8, -1/67 HPs)
             Began as a Troll Earth Elementalist on Apr 16, 2016.
             Was a Believer of Okawaru.
             Slain by a giant frog (8 damage)
             ... on level 8 of the Dungeon.
             The game lasted 00:07:52 (1685 turns).

4thArraOfDagon the Grappler (TrEE)                  Turns: 1685, Time: 00:07:53

Health: -1/67      AC:  5    Str: 17    XL:     8   Next: 24%
Magic:  10/10      EV:  9    Int: 13    God:    Okawaru [**....]
Gold:   193        SH:  0    Dex: 10    Spells: 1 memorised, 8 levels left

rFire  . . .     SeeInvis .       - Unarmed
rCold  . . .     Gourm    +     a - +0 robe
rNeg   . . .     Faith    .     (no shield)
rPois  .         Spirit   .     (helmet restricted)
rElec  .         Dismiss  .     (no cloak)
rCorr  +         Reflect  .     (gloves unavailable)
SustAt .         Harm     .     (boots unavailable)
MR     .....                    (no amulet)
Stlth  +.........               (no ring)
                                q - ring of resist corrosion

@: lethally poisoned (-1 -> -1), not resistant to hostile enchantments, very
unstealthy
A: unfitting armour, claws 3, fast metabolism 3, gourmand, regeneration 2,
shaggy fur 1, tough skin 2
a: Heroism, Renounce Religion


You were on level 8 of the Dungeon.
You worshipped Okawaru.
Okawaru was pleased with you.
You were very full.

You visited 1 branch of the dungeon, and saw 8 of its levels.

You collected 193 gold pieces.

Inventory:

Armour
 a - a +0 robe (worn)
Jewellery
 q - a ring of resist corrosion (left claw)
Wands
 j - a wand of flame (22/48)
 r - a wand of confusion (21/48)
Scrolls
 b - 3 scrolls of identify {unknown}
 f - a scroll of remove curse {unknown}
 h - a scroll of noise {unknown}
 m - 2 scrolls of teleportation {unknown}
Potions
 e - a potion of heal wounds {unknown}
 i - a potion of berserk rage {unknown}
 k - a potion of resistance {unknown}
 n - 4 potions of agility {unknown}
 p - a potion of invisibility {unknown}
Books
 c - a book of Geomancy

   Spells                             Type                      Level
   a - Sandblast                      Earth                        1
   b - Passwall                       Transmutation/Earth          2
   c - Stone Arrow                    Conjuration/Earth            3
   d - Petrify                        Transmutation/Earth          4
   e - Lee's Rapid Deconstruction     Earth                        5
Comestibles
 d - 6 bread rations
 g - 2 meat rations
 l - 7 slices of pizza
 o - 2 beef jerkies


   Skills:
 - Level 1.5 Dodging
 - Level 1.1 Stealth
 * Level 8.5 Unarmed Combat
 - Level 1.2 Spellcasting
   Level 0.6 Transmutations
 - Level 2.6 Earth Magic
 + Level 4.3 Invocations


You had 8 spell levels left.
You knew the following spells:

 Your Spells              Type           Power        Failure   Level  Hunger
a - Sandblast             Erth           #.....       10%         1    ##.....


Dungeon Overview and Level Annotations

Branches:
Dungeon (8/15)
 Temple: D:4-7         Lair: D:8-11

Altars:
Fedhas
Kikubaaqudgha
Nemelex Xobeh
Okawaru
Ru
Zin

Shops:
D:7 (

Annotations:
D:5 Menkaure
D:8 nono's ghost, novice VSEn


Innate Abilities, Weirdness & Mutations

You are too large for most types of armour.
You have claws for hands.
Your metabolism is lightning-fast.
You like to eat raw meat.
You heal very quickly.
You are covered in fur (AC +1).
You have very tough skin (AC +2).


Message History

You are too injured to fight recklessly!
You scratch the giant frog.
The giant frog is almost dead.
The giant frog hits you but does no damage.
The giant frog misses you.
You closely miss the giant frog.
The giant frog is almost dead.
The giant frog hits you.
* * * LOW HITPOINT WARNING * * *
Unknown command.
You scratch the giant frog.
The giant frog is almost dead.
You feel sick.
The giant frog hits you but does no damage.
Unknown command.
You closely miss the giant frog.
The giant frog is almost dead.
The giant frog hits you but does no damage.
The giant frog hits you!
You die...

##.#.#.#+....#.#.#.#.#.
##.#.#.#.#.....#.#.#.#..
....#.#.#.#.#.#.#.#.#)#)
..#.#.#.#.#.#.#.#.#.#)#
..#.#.#.#.#.#.#.#.#.#(
#.#.#.#.#.#.#.#.#.#)#
#.#.#.#.#.#.#.#.#...
.#.#?#.#'#.#.#.#.#.#....
...P...@..#.#)#.#.#.#...
###.P.FP...#.#.#.#.#....
#.......#.#.#.#.#.#...
#..........#.#.#.#.#.#.#
#....#...P#.#.#.#.#.#.#.
#._..##....#.#.#. .#.#.#
#... P...#.#.#. .#.#
#..% ...#.#.#. .#


You could see a giant frog.

Vanquished Creatures
  A hog (D:7)
  A human (D:7)
  An orc warrior (D:7)
  A giant frog (D:7)
  An electric eel (D:7)
  A crimson imp (D:7)
  3 hounds
  5 orc wizards
  A jelly (D:7)
  A giant frog skeleton (D:8)
  4 orc priests
  2 iguanas (D:8)
  A worker ant (D:4)
  3 sheep (D:7)
  A hound zombie (D:7)
  Robin (D:4)
  7 gnolls
  3 adders
  2 shadow imps
  A worm (D:2)
  3 giant geckos
  6 orcs
  A giant cockroach (D:4)
  6 goblins (D:4)
  8 hobgoblins
  4 jackals (D:1)
  2 quokkas
  A bat (D:3)
  A giant newt (D:3)
  2 kobolds (D:3)
  2 rats
77 creatures vanquished.

Notes
Turn   | Place    | Note
--------------------------------------------------------------
     0 | D:1      | 4thArraOfDagon the Troll Earth Elementalist began the quest for the Orb.
     0 | D:1      | Reached XP level 1. HP: 16/16 MP: 1/1
    49 | D:1      | Reached skill level 1 in Unarmed Combat
    98 | D:2      | Reached XP level 2. HP: 24/24 MP: 2/2
   154 | D:3      | Reached skill level 2 in Unarmed Combat
   379 | D:3      | Reached XP level 3. HP: 27/31 MP: 3/3
   406 | D:3      | Reached skill level 3 in Unarmed Combat
   424 | D:3      | Reached skill level 4 in Unarmed Combat
   424 | D:3      | Reached XP level 4. HP: 22/39 MP: 4/4
   601 | D:5      | Entered Level 5 of the Dungeon
   674 | D:6      | Noticed an orc warrior
   702 | D:5      | Found an iron altar of Okawaru.
   709 | D:5      | Became a worshipper of Warmaster Okawaru
   717 | D:4      | Found a blossoming altar of Fedhas.
   717 | D:4      | Noticed a centaur
   718 | D:4      | Noticed Robin
   734 | D:4      | Reached XP level 5. HP: 18/45 MP: 5/5
   743 | D:4      | HP: 2/45 [hobgoblin/club[Robin] (7)]
   760 | D:4      | Noticed a phantom
   770 | D:4      | Killed Robin
   858 | D:5      | Found a sparkling altar of Nemelex Xobeh.
   860 | D:5      | Found a sacrificial altar of Ru.
   861 | D:5      | Noticed Menkaure
   894 | D:7      | Reached skill level 5 in Unarmed Combat
   936 | D:7      | Reached skill level 1 in Invocations
   955 | D:7      | Reached XP level 6. HP: 26/53 MP: 6/6
  1034 | D:6      | Found a glowing silver altar of Zin.
  1080 | D:8      | Noticed nono's ghost (novice VSEn)
  1102 | D:7      | Found Bapiq's Weapon Shoppe.
  1115 | D:7      | Reached * piety under Okawaru
  1122 | D:7      | Reached skill level 6 in Unarmed Combat
  1199 | D:7      | Noticed a hog
  1199 | D:7      | Noticed a human
  1207 | D:7      | Killed a human
  1207 | D:7      | Reached XP level 7. HP: 52/59 MP: 6/8
  1233 | D:7      | Killed a hog
  1233 | D:7      | Reached ** piety under Okawaru
  1233 | D:7      | Reached skill level 7 in Unarmed Combat
  1526 | D:8      | Reached skill level 8 in Unarmed Combat
  1526 | D:8      | Reached XP level 8. HP: 44/67 MP: 9/9
  1677 | D:8      | Found an ancient bone altar of Kikubaaqudgha.
  1685 | D:8      | Slain by a giant frog

Vault maps used:
D:1:      nagdon_arrival_zigzag_paths
D:2:      first_bread, uniq_iyjb
D:4:      fedhas_bush_and_centaur_altar, kennysheep_path_1, uniq_robin
D:5:      okawaru_trees_1, grunt_temple_overflow_open,
          kennysheep_generic_room_6, uniq_menkaure
D:6:      zin_statuary, vehumet_crystals, minmay_temple_entry_enclosed_plants,
          basic_altar, serial_shops, shop, shop, shop
D:7:      minitemple, serial_shops, shop, grunt_livestock, lightli_minifort
D:8:      kiku_gazebo_garden_becter, grunt_qazlal_clouds

Skill      XL: |  1  2  3  4  5  6  7  8 |
---------------+-------------------------+-----
Unarmed Combat | 1 2 4 5 6 8 |  8.5
Invocations    | 1 2 3 4 |  4.3
Dodging        | |  1.5
Stealth        | |  1.1
Spellcasting   | |  1.2
Transmutations | |  0.6
Earth Magic    | |  2.6

Action                   |  1- 3 |  4- 6 |  7- 9 || total
-------------------------+-------+-------+-------++-------
Melee: Unarmed           |    77 |   106 |    86 ||   269
       Punch             |       |     2 |     2 ||     4
Invok: Heroism           |       |       |     4 ||     4
Evoke: Wand              |       |     3 |       ||     3
  Use: Potion            |       |     4 |     1 ||     5
 Stab: Sleeping          |     1 |       |       ||     1
  Eat: Chunk             |     6 |    10 |     5 ||    21
Armor: Robe              |    20 |    17 |    12 ||    49
       Skin              |       |     9 |       ||     9
Dodge: Dodged            |    35 |    34 |    38 ||   107
